 Dungeon Crawl Stone Soup version 0.31-a0-187-gba352fbbf7 (webtiles) character file.

Game seed: 981845047215099689

112 qw the Skirmisher (level 4, -3/25 HPs)
             Began as a Deep Elf Hunter on June 22, 2023.
             Slain by Grinder (5 damage)
             ... on level 3 of the Dungeon.
             The game lasted 00:00:47 (2255 turns).

qw the Skirmisher (Deep Elf Hunter)                 Turns: 2255, Time: 00:00:48

Health: -3/25      AC: 10    Str: 16    XL:     4   Next: 63%
Magic:  6/6        EV: 12    Int: 17    God:
Gold:   80         SH:  0    Dex: 21    Spells: 3/3 levels left

rFire   + . .        Y - +0 shortbow
rCold   . . .        (shield currently unavailable)
rNeg    . . .        d - +5 ring mail of Gococzeu {rF+ Int+3 Dex+3}
rPois   .            (no helmet)
rElec   .            (no cloak)
rCorr   .            (no gloves)
SInv    .            (no boots)
Will    +....        (no amulet)
Stlth   +            g - ring of willpower
HPRegen 0.24/turn    a - +6 ring of strength
MPRegen 0.10/turn

%: no passive effects
@: no status effects
A: no striking features
a: no special abilities


You were on level 3 of the Dungeon.
You visited 1 branch of the dungeon, and saw 3 of its levels.

You collected 80 gold pieces.


   Skills:
 - Level 1.5 Fighting
 - Level 8.1 Ranged Weapons
 + Level 2.4 Dodging
 - Level 1.2 Stealth


You had 3 spell levels left.
You didn't know any spells.
Your spell library was empty.

Inventory:

Hand Weapons
 Y - a +0 shortbow (weapon)
Armour
 d - the +5 ring mail of Gococzeu (worn) {rF+ Int+3 Dex+3}
   (You found it on level 2 of the Dungeon)

   Int:       It affects your intelligence (+3).
   Dex:       It affects your dexterity (+3).
   rF:        It protects you from fire.
Jewellery
 a - a +6 ring of strength (right hand)
 g - a ring of willpower (left hand)
Scrolls
 f - 2 scrolls of teleportation
Potions
 b - a potion of invisibility {unknown}
 c - a potion of degeneration {unknown}
 e - a potion of cancellation {unknown}
 h - a potion of curing
 j - a potion of attraction {unknown}

Dungeon Overview and Level Annotations

Branches:
Dungeon (3/15)

Altars:

Shops:
D:1 !

Annotations:
D:3 Grinder


Message History

You shoot an arrow.
The arrow hits Natasha but does no damage.
Natasha is heavily wounded.
Natasha claws you but does no damage.
You shoot an arrow. The arrow hits Natasha!
Natasha is almost dead.
Natasha claws you.
You shoot an arrow. The arrow hits Natasha!
You kill Natasha!
Natasha yowls pathetically as she dies!
Your Ranged Weapons skill increases to level 8!
You start resting.
HP restored.
Found a stone staircase leading down.
Found an escape hatch in the floor.
Found an escape hatch in the floor.
Grinder comes into view.
Grinder shouts!
You shoot an arrow. The arrow hits Grinder!
Grinder is moderately wounded.
You shoot an arrow. The arrow hits Grinder!
Grinder is heavily wounded.
You shoot an arrow. The arrow closely misses Grinder.
Grinder hits you but does no damage.
You shoot an arrow.
The arrow hits Grinder but does no damage.
Grinder is heavily wounded.
Grinder barely misses you.
You shoot an arrow. The arrow hits Grinder!
Grinder is severely wounded.
Grinder hits you.
You shoot an arrow. The arrow barely misses Grinder.
Grinder hits you.
You writhe in agony.
You shoot an arrow. The arrow hits Grinder.
Grinder is almost dead.
Grinder misses you.
You shoot an arrow. The arrow hits Grinder.
Grinder is almost dead.
Grinder hits you!
You writhe in agony.
You die...

## ############# . ..
#...........#
....#.#.#######...#
#...5@.######...#####
....#.#####...#...#...#
.. #. #.>.#.8.#.<.# #
#...#...#...#
####...#.#%#...##
.................
.>.......}.......
.................
####...#.#.#...##


You could see Grinder.

Vanquished Creatures
  Natasha (D:3)
  2 adders (D:2)
  A dart slug (D:1)
  8 ball pythons
  9 endoplasms
  4 giant cockroaches
  3 goblins
  8 hobgoblins
  4 quokkas (D:2)
  4 bats
  5 frilled lizards
  6 kobolds
  7 rats
62 creatures vanquished.

Notes
Turn   | Place    | Note
-------+----------+-------------------------------------------
     0 | D:1      | qw the Deep Elf Hunter began the quest for the Orb.
     0 | D:1      | Reached XP level 1. HP: 12/12 MP: 3/3
     0 | D:1      | 0 ||| qw: Version: 0.3-a-9-g12657ce
     0 | D:1      | 0 ||| qw: Game counter: 2283
     0 | D:1      | 0 ||| qw: Always use a shield: true
     0 | D:1      | 0 ||| qw: God list: Okawaru
     0 | D:1      | 0 ||| qw: Allow faded altars: false
     0 | D:1      | 0 ||| qw: Do Orc after D:15 true
     0 | D:1      | 0 ||| qw: Do second Lair branch before Depths: true
     0 | D:1      | 0 ||| qw: Lair rune preference: random
     0 | D:1      | 0 ||| qw: Plans: Normal
     0 | D:1      | 0 ||| PLANNING D:1-11
   108 | D:1      | Reached skill level 6 in Ranged Weapons
   108 | D:1      | Reached XP level 2. HP: 16/16 MP: 4/4
   511 | D:1      | Reached XP level 3. HP: 18/20 MP: 5/5
   591 | D:1      | Found Uleifutz's Distillery.
   594 | D:1      | 594 ||| SHOPLISTING potion of enlightenment (70 gold, have
                  | 48).
   594 | D:1      | 594 ||| SHOPLISTING potion of haste (140 gold, have 48).
   594 | D:1      | 594 ||| SHOPLISTING potion of heal wounds (70 gold, have
                  | 48).
  1056 | D:1      | 1056 ||| UPGRADING to +0 ring mail.
  1066 | D:1      | 1066 ||| DROPPING +0 leather armour.
  1067 | D:1      | 1067 ||| UPGRADING to ring of willpower.
  1068 | D:1      | 1068 ||| READING scroll labelled BEXTINUYFA.
  1069 | D:1      | 1069 ||| READING scroll labelled ZOROSS ISMI.
  1070 | D:1      | 1070 ||| READING 2 scrolls labelled KEHANN YX OTZOIMN.
  1071 | D:1      | 1071 ||| READING scroll labelled YJYUPA SUSAPI.
  1072 | D:1      | 1072 ||| READING scroll labelled VOUM INUAB.
  1075 | D:1      | 1075 ||| DROPPING scroll of butterflies.
  1076 | D:1      | 1076 ||| DROPPING scroll of fog.
  1269 | D:2      | Reached skill level 7 in Ranged Weapons
  1275 | D:2      | Found a faded altar of an unknown god.
  1334 | D:2      | Identified the +5 ring mail of Gococzeu {rF+ Int+3 Dex+3}
  1338 | D:2      | 1338 ||| UPGRADING to +5 ring mail of Gococzeu {rF+ Int+3
                  | Dex+3}.
  1357 | D:2      | 1357 ||| DROPPING +0 ring mail.
  1551 | D:2      | Reached XP level 4. HP: 20/25 MP: 6/6
  2078 | D:2      | 2078 ||| UPGRADING to +6 ring of strength.
  2079 | D:2      | 2079 ||| READING scroll labelled SATOGO KAOPNEM.
  2080 | D:2      | 2080 ||| DRINKING 2 lumpy purple potions.
  2081 | D:2      | 2081 ||| DRINKING 2 metallic emerald potions.
  2126 | D:2      | 2126 ||| DROPPING potion of lignification.
  2186 | D:3      | Noticed Natasha
  2197 | D:3      | Killed Natasha
  2198 | D:3      | Reached skill level 8 in Ranged Weapons
  2247 | D:3      | Noticed Grinder
  2255 | D:3      | HP: 2/25 [Grinder (8)]
  2255 | D:3      | Slain by Grinder

Levels and vault maps discovered:
D:1:      dpeg_arrival_castle, layout_basic, serial_shops,
          nicolae_shop_tiny_real_fake_doors
D:2:      minmay_inner_zag, layout_loops_corners, ebering_ecumenical_altar_mist,
          minmay_misc_feat_four_crosses, minmay_pentomino_q2
D:3:      layout_loops_corners, serial_shops, nicolae_shop_trees,
          nicolae_elevator_lobby_plus, uniq_grinder, uniq_natasha,
          uniq_crazy_yiuf_cottage, uniq_terence, uniq_ijyb, uniq_robin

Skill      XL: |  1  2  3  4 |
---------------+-------------+-----
Ranged Weapons | 6 7 8 |  8.1
Fighting       | |  1.5
Dodging        | |  2.4
Stealth        | |  1.2

Action                     |  1- 3 |  4- 6 || total
---------------------------+-------+-------++-------
   Fire: Shortbow          |   130 |    43 ||   173
    Use: Scroll            |     5 |     1 ||     6
         Potion            |       |     2 ||     2
 Armour: Leather armour    |     7 |       ||     7
         Ring mail         |     4 |     7 ||    11
  Dodge: Dodged            |    27 |     2 ||    29

Table legend:
 A = Non-vault XP
 B = Vault XP
 C = Vault XP percentage of total XP
 D = Non-vault monster count
 E = Vault monster count
 F = Vault count percentage of total count
                 A         B        C        D         E       F
            +---------+---------+-------+---------+---------+-------
      Total |     120 |      40 |  25.0 |      58 |       4 |   6.5
            +---------+---------+-------+---------+---------+-------
        D:1 |      54 |       0 |   0.0 |      33 |       0 |   0.0
        D:2 |      65 |       4 |   5.8 |      24 |       3 |  11.1
        D:3 |       1 |      36 |  97.3 |       1 |       1 |  50.0
            +---------+---------+-------+---------+---------+-------
